 Dungeon Crawl Stone Soup version 0.20-a0-641-g673355a (webtiles) character file.

145304 nubinia the Swashbuckler (level 17, -11/111 HPs)
             Began as a Kobold Artificer on Feb 11, 2017.
             Was the Champion of Nemelex Xobeh.
             Mangled by a faun
             ... wielding a +2 spear of flaming
             ... led by a satyr
              (17 damage)
             ... on level 4 of the Shoals on Feb 13, 2017.
             The game lasted 05:10:37 (34380 turns).

nubinia the Swashbuckler (Kobold Artificer)        Turns: 34380, Time: 05:10:39

Health: -11/111    AC: 21    Str: 15    XL:     17   Next: 69%
Magic:  25/25      EV: 25    Int: 14    God:    Nemelex Xobeh [******]
Gold:   876        SH: 10    Dex: 17    Spells: 18/19 levels left

rFire    . . .     SeeInvis .   a - +6 rapier (drain)
rCold    + . .     Gourm    .   x - +3 leather armour {rC+}
rNeg     + + .     Faith    .   p - +2 buckler "Erifiq Sack" {rN++ MR+}
rPois    .         Spirit   .   F - +2 hat
rElec    .         Reflect  .   e - +0 cloak
rCorr    .         Harm     .   Y - +2 pair of gloves
MR       ++...                  S - +2 pair of boots
Stlth    +++++.....             M - amulet of regeneration
Regen    0.7/turn               H - ring of flight
MPRegen  0.2/turn               V - +3 ring of protection

@: afraid, flying
A: talons 1, molten scales 1, agile 1, carnivore 3, evolution 1
}: 1/15 runes: barnacled
a: Triple Draw, Deal Four, Stack Five, Renounce Religion, Stop Flying


You were on level 4 of the Shoals.
You worshipped Nemelex Xobeh.
Nemelex Xobeh was exalted by your worship.
You were completely stuffed.

You visited 5 branches of the dungeon, and saw 23 of its levels.
You also visited: Sewer and Ossuary.

You collected 2521 gold pieces.
You spent 1645 gold pieces at shops.

Inventory:

Hand Weapons
 a - a +6 rapier of draining (weapon)
 b - a +0 blowgun
 y - a +2 rapier of protection
 W - the +1 long sword of Corporal Punishment {flame, rElec rF+ Str+2}
   (You found it on level 8 of the Dungeon)

   It has been specially enchanted to burn those struck by it, causing extra
   injury to most foes and up to half again as much damage against particularly
   susceptible opponents.
   Big, fiery blades are also staple armaments of hydra-hunters.
   It affects your strength (+2).
   It protects you from fire.
   It insulates you from electricity.
Missiles
 q - 83 poisoned needles
 J - 22 needles of sleeping
 O - 4 curare-tipped needles
Armour
 e - a +0 cloak (worn)
 p - the +2 buckler "Erifiq Sack" (worn) {rN++ MR+}
   (You acquired it on level 10 of the Dungeon)

   It greatly protects you from negative energy.
   It affects your resistance to hostile enchantments.
 x - a +3 leather armour of cold resistance (worn)
 F - a +2 hat (worn)
 S - a +2 pair of boots (worn)
 X - a +2 robe of magic resistance
 Y - a +2 pair of gloves (worn)
Jewellery
 t - the ring "Tukuod Hapi" {rF+ Str+4}
   (You bought it in a shop on level 2 of the Orcish Mines)

   [ring of protection from fire]

   It affects your strength (+4).
   It protects you from fire.
 z - an uncursed ring of positive energy
 H - a ring of flight (right hand)
 I - an uncursed ring of fire
 M - an amulet of regeneration (around neck)
 R - an uncursed ring of ice
 V - a +3 ring of protection (left hand)
Wands
 c - a wand of acid (8/15)
 d - a wand of enslavement (17/24)
 j - a wand of digging (0/24)
 k - a wand of lightning (0/15)
 u - a wand of flame (17/48)
 A - a wand of iceblast (0/15)
 G - a wand of confusion (7/48)
 Z - a wand of clouds (4/9)
Scrolls
 h - 4 scrolls of recharging
 n - 12 scrolls of teleportation
 r - 2 scrolls of fear
 s - a scroll of blinking
 w - 6 scrolls of remove curse
 C - 2 scrolls of identify
 U - a scroll of magic mapping
Potions
 f - a potion of agility
 g - 5 potions of curing
 m - a potion of flight
 v - 5 potions of brilliance
 D - 3 potions of haste
 K - 2 potions of cancellation
 L - a potion of invisibility
 N - 4 potions of might
 P - 3 potions of resistance
Miscellaneous
 i - an ornate deck of escape {drawn: 5}
 l - a phial of floods
 o - a phantom mirror
 B - an ornate deck of summoning {drawn: 6}
 E - a plain deck of summoning {drawn: 7}
 Q - a legendary deck of destruction
 T - an ornate deck of destruction {drawn: 4}


   Skills:
 + Level 14.1 Fighting
 + Level 18.1 Short Blades
 + Level 7.3 Throwing
 + Level 6.1 Armour
 + Level 13.9 Dodging
 + Level 11.5 Stealth
 + Level 9.5 Shields
 + Level 1.6 Spellcasting
 + Level 1.6 Translocations
 + Level 5.9 Invocations
 - Level 11.7 Evocations


You had 18 spell levels left.
You knew the following spells:

 Your Spells              Type           Power        Failure   Level  Hunger
a - Apportation           Tloc           #.....       17%         1    ##.....


Dungeon Overview and Level Annotations

Branches:
Dungeon (10/15)            Temple (1/1) D:6            Lair (6/6) D:10
 Shoals (4/4) Lair:3       Spider (0/4) Lair:4        Slime (0/5) Lair:5
    Orc (2/2) D:10            Elf (0/3) Orc:2

Altars:
Ashenzari
Dithmenos
Elyvilon
Hepliaklqana
Kikubaaqudgha
Makhleb
Nemelex Xobeh
Okawaru
Qazlal
Ru
Sif Muna
Trog
Uskayaw
Yredelemnul
Zin
The Shining One
Jiyva

Shops:
Orc:2 (=*(   Shoals:1 :   Shoals:2 ?   Shoals:3 (%:(

Annotations:
D:6 Grinder
Lair:1 Gastronok
Lair:2 exclusion: 3 oklob plants
Orc:2 Saint Roka


Innate Abilities, Weirdness & Mutations

You are small and have problems with some larger weapons.
You are carnivorous and can eat meat at any time.
You have sharp toenails.
You are partially covered in molten scales. (AC +2)
You are agile. (Dex +2)
You evolve.


Message History

The merfolk hits you from afar with a trident.
* * * LOW HITPOINT WARNING * * *
You closely miss the satyr.
The satyr is almost dead.
You completely miss the satyr.
The satyr is almost dead.
The satyr plays a frightful melody on his pipes!
The satyr radiates an aura of fear!
You are terrified of the satyr!
The faun casts a spell at you. You resist with almost no effort.
You block the merfolk's attack.
You completely miss the satyr.
The satyr is almost dead.
You hit the satyr.
The satyr is almost dead.
The satyr hits you with an uncursed spear!
* * * LOW HITPOINT WARNING * * *
The faun hits you with a spear of flaming!
You die...
Your body disappears without a glow.

.................≈##(≈#
..................≈≈##≈≈
........(..(.......##≈≈#
≈≈........((.......##(≈≈
≈≈≈≈............(..≈##≈#
≈≈≈≈≈..(..†..(....≈≈≈###
≈≈≈≈≈≈≈..(†.)(≈≈†≈≈≈≈##≈
≈≈≈≈≈≈≈≈(((.≈≈≈≈≈≈≈≈≈≈≈≈
....≈≈≈@≈≈≈≈((≈((≈≈≈≈≈≈≈
≈.##≈≈≈ccm≈≈≈≈≈≈(≈≈≈≈≈≈≈
≈≈..≈≈≈≈≈≈≈≈≈≈≈≈≈≈≈≈≈≈≈≈
≈≈≈≈≈≈≈≈≈≈≈≈≈≈≈≈≈≈≈≈≈≈≈≈
≈≈≈≈≈≈≈≈≈≈≈≈≈≈≈≈≈≈≈≈≈≈≈≈
≈≈≈≈≈≈≈≈≈≈≈≈≈≈≈≈≈≈≈≈≈≈≈≈
≈≈≈≈≈≈≈≈≈≈≈≈≈≈≈≈≈≈≈≈≈≈≈≈
≈≈≈≈≈≈≈≈≈≈≈≈≈≈≈≈≈≈≈≈≈≈≈≈
≈≈≈≈≈≈≈≈≈≈≈≈≈≈≈


You could see a satyr, a merfolk and a faun.

Vanquished Creatures
  2 krakens
  Ilsuiw (Shoals:4)
  A frost giant (Shoals:1)
  Nessos (Orc:2)
  11 merfolk impalers
  10 merfolk javelineers
  Erolcha (D:9)
  A hydra (Lair:3)
  A centaur warrior (Shoals:3)
  4 merfolk avatars
  A satyr (Shoals:3)
  13 death yaks
  A merfolk aquamancer (Shoals:4)
  3 two-headed ogres
  11 sea snakes
  16 harpies
  A kraken simulacrum (Shoals:4)
  6 orc knights (Orc:2)
  A necromancer (Lair:2)
  9 cyclopes
  4 orc sorcerers
  11 manticores
  10 fauns
  5 merfolk sirens
  7 water nymphs
  5 elephants (Lair:5)
  Joseph (D:7)
  A gargoyle (D:10)
  3 black mambas
  A torpor snail (Lair:4)
  A rime drake (Lair:6)
  17 spiny frogs
  13 komodo dragons
  30 merfolk
  2 polar bears
  6 wind drakes
  A troll (D:9)
  5 tyrant leeches
  3 jumping spiders (Lair:4)
  A hornet (D:10)
  24 blink frogs
  5 dream sheep
  11 hippogriffs
  3 snapping turtles
  Sigmund (D:6)
  4 redbacks (Lair:4)
  2 spriggans
  A vampire (D:10)
  41 yaks
  5 water elementals
  3 basilisks
  4 vampire mosquitoes (Lair:6)
  3 wargs
  A floating eye (Shoals:4)
  Duvessa (D:5)
  12 water moccasins
  8 porcupines
  A gnoll sergeant (D:6)
  An ice beast (D:9)
  2 black bears
  A phantom (D:8)
  2 sky beasts
  A boggart (Lair:6)
  20 orc warriors
  An eye of draining (D:10)
  9 ogres
  10 wolves
  8 centaurs
  15 crocodiles
  4 big kobolds (Sewer)
  30 bullfrogs
  Blork the orc (D:5)
  Dowan (D:5)
  4 scorpions
  A wyvern skeleton (D:6)
  A howler monkey (D:8)
  2 electric eels
  A crimson imp (D:9)
  A centaur zombie (D:10)
  6 hounds
  A jelly (D:5)
  2 centaur skeletons
  10 orc priests
  A gnoll shaman (D:4)
  17 orc wizards
  3 bullfrog skeletons
  6 iguanas
  3 yak simulacra (Lair:2)
  A polar bear simulacrum (Lair:2)
  6 worker ants
  4 wolf simulacra (Lair:2)
  A hound zombie (D:4)
  A mummy (Ossuary)
  2 worker ant zombies
  A howler monkey zombie (D:7)
  4 gnolls (D:4)
  12 adders
  A howler monkey skeleton (D:5)
  4 river rats
  7 shadow imps
  5 oozes
  An adder zombie (D:8)
  3 adder skeletons
  4 worms
  4 dart slugs
  5 leopard geckos
  54 orcs
  5 ball pythons
  4 bats
  4 giant cockroaches
  3 hobgoblins
  14 jackals
  7 quokkas
  7 frilled lizards
  5 gnoll skeletons (Ossuary)
  13 goblins
  9 kobolds
  7 kobold skeletons (Ossuary)
  11 orc skeletons (Ossuary)
  A quokka skeleton (D:10)
  13 rats
  3 river rat simulacra (Lair:2)
  5 plants
  3 tentacles
751 creatures vanquished.

Vanquished Creatures (collateral kills)
  3 merfolk javelineers
  An ettin (Lair:2)
  A hydra (Lair:3)
  An alligator snapping turtle (Shoals:1)
  2 merfolk aquamancers (Shoals:4)
  A merfolk avatar (Shoals:4)
  A death yak (Lair:2)
  3 orc high priests (Orc:2)
  A fire crab (Shoals:3)
  A sea snake (Shoals:3)
  6 harpies
  A faun (Shoals:3)
  An oklob plant (Lair:2)
  2 manticores
  4 spiny frogs
  2 water nymphs (Shoals:4)
  A troll (Lair:6)
  6 merfolk
  A blink frog (Lair:6)
  8 dream sheep
  2 snapping turtles (Shoals:3)
  2 hippogriffs
  A wyvern (Lair:3)
  A basilisk (Lair:3)
  5 yaks
  2 vampire mosquitoes (Lair:6)
  2 water moccasins
  An orc warrior (Orc:2)
  A black bear (D:6)
  2 crocodiles
  An iguana (D:5)
  An orc wizard (Orc:2)
  3 gnolls (D:6)
  2 orcs
  A giant cockroach (D:8)
  A jackal (D:9)
  A plant (Shoals:3)
  A tentacle (Shoals:4)
77 creatures vanquished.

Vanquished Creatures (others)
  A merfolk aquamancer (Shoals:4)
  A spiny frog (Lair:6)
  A komodo dragon (Shoals:3)
  A yak (Lair:3)
  A porcupine (Lair:5)
  A crocodile (Lair:2)
  2 orc wizards
  An orc priest (Orc:2)
  A gnoll (D:4)
  A ball lightning (Orc:2)
  An orc (Orc:2)
  14 fungi
  60 plants
  26 tentacles
112 creatures vanquished.

Grand Total: 940 creatures vanquished

Notes
Turn   | Place    | Note
-------+----------+-------------------------------------------
     0 | D:1      | nubinia the Kobold Artificer began the quest for the Orb.
     0 | D:1      | Reached XP level 1. HP: 12/12 MP: 3/3
    96 | D:1      | Reached XP level 2. HP: 10/16 MP: 5/5
   416 | D:1      | Reached skill level 2 in Short Blades
   560 | D:1      | Reached XP level 3. HP: 12/20 MP: 6/6
  1272 | D:2      | Reached XP level 4. HP: 12/25 MP: 7/7
  1321 | D:2      | Reached skill level 3 in Short Blades
  1364 | D:2      | Found a sacrificial altar of Ru.
  1481 | D:2      | Found a glowing golden altar of the Shining One.
  1770 | D:2      | Found a burning altar of Makhleb.
  2046 | D:3      | Reached XP level 5. HP: 25/30 MP: 8/8
  2084 | D:3      | Found a white marble altar of Elyvilon.
  2238 | D:3      | Found a glowing drain.
  2424 | Sewer    | Entered a sewer
  2674 | Sewer    | Noticed a big kobold
  2674 | Sewer    | Noticed a big kobold
  2694 | Sewer    | Killed a big kobold
  2694 | Sewer    | Reached skill level 4 in Short Blades
  2694 | Sewer    | Reached skill level 1 in Armour
  2694 | Sewer    | Reached XP level 6. HP: 30/36 MP: 9/9
  2971 | Sewer    | Reached skill level 5 in Evocations
  3065 | Sewer    | Reached skill level 5 in Short Blades
  3065 | Sewer    | Reached XP level 7. HP: 41/41 MP: 10/10
  4000 | D:3      | Noticed a two-headed ogre
  4012 | D:3      | Killed a two-headed ogre
  4012 | D:3      | Reached skill level 7 in Short Blades
  4012 | D:3      | Reached XP level 8. HP: 48/48 MP: 12/12
  4536 | D:4      | Found a sand-covered staircase.
  4581 | Ossuary  | Entered an ossuary
  4581 | Ossuary  | Noticed a wraith
  4581 | Ossuary  | Noticed a wraith
  4581 | Ossuary  | Noticed a wraith
  4726 | Ossuary  | Noticed a wraith
  5782 | D:5      | Entered Level 5 of the Dungeon
  5890 | D:5      | Noticed Dowan
  5893 | D:5      | Noticed Duvessa
  5918 | D:5      | Killed Duvessa
  5918 | D:5      | Reached skill level 8 in Short Blades
  5918 | D:5      | Reached XP level 9. HP: 52/52 MP: 14/14
  5949 | D:5      | Killed Dowan
  6286 | D:5      | Noticed Blork the orc
  6592 | D:5      | Killed Blork the orc
  7408 | D:6      | Found a deep blue altar of Sif Muna.
  7434 | D:6      | Identified Sif Muna's Incunabulum of Calling
  7455 | D:6      | Reached skill level 5 in Fighting
  7455 | D:6      | Reached skill level 5 in Dodging
  7463 | D:6      | Learned a level 1 spell: Summon Butterflies
  7524 | D:6      | Noticed Grinder
  7594 | D:6      | Reached skill level 9 in Short Blades
  7950 | D:7      | Found an ancient bone altar of Kikubaaqudgha.
  7964 | D:7      | Noticed a hippogriff
  7978 | D:7      | Killed a hippogriff
  8271 | D:6      | Reached skill level 5 in Stealth
  8508 | D:6      | Noticed Sigmund
  8614 | D:7      | Noticed Joseph
  9242 | D:7      | Killed Joseph
  9242 | D:7      | Reached skill level 10 in Short Blades
  9242 | D:7      | Reached XP level 10. HP: 14/59 MP: 14/16
  9557 | D:6      | Killed Sigmund
  9557 | D:6      | Reached skill level 1 in Shields
  9638 | D:6      | Found a staircase to the Ecumenical Temple.
  9784 | Temple   | Entered the Ecumenical Temple
  9856 | Temple   | Became a worshipper of Nemelex Xobeh the Trickster
 10113 | D:8      | Received a gift from Nemelex Xobeh
 10465 | D:8      | Got a brightly glowing long sword
 10466 | D:8      | Identified the cursed +1 long sword of Corporal Punishment {flame, rElec rF+ Str+2} (You found it on level 8 of the Dungeon)
 10731 | D:8      | Reached * piety under Nemelex Xobeh
 10792 | D:8      | Received a gift from Nemelex Xobeh
 10823 | D:8      | Noticed a two-headed ogre
 10835 | D:8      | Killed a two-headed ogre
 10835 | D:8      | Reached skill level 11 in Short Blades
 11038 | D:9      | Noticed Erolcha
 11471 | D:9      | Killed Erolcha
 11471 | D:9      | Reached skill level 1 in Throwing
 11488 | D:9      | Reached XP level 11. HP: 42/64 MP: 18/18
 11611 | D:9      | Received a gift from Nemelex Xobeh
 11803 | D:9      | Reached ** piety under Nemelex Xobeh
 12072 | D:10     | Entered Level 10 of the Dungeon
 12359 | D:10     | Found a shadowy altar of Dithmenos.
 12368 | D:10     | Received a gift from Nemelex Xobeh
 12391 | D:10     | Found a staircase to the Orcish Mines.
 12513 | D:10     | Got a steaming ring mail
 12524 | D:10     | Identified the cursed +0 ring mail of Protective Custody {Dex+3} (You found it on level 10 of the Dungeon)
 12731 | D:10     | Found a staircase to the Lair.
 12744 | D:10     | Reached skill level 12 in Short Blades
 12744 | D:10     | Reached skill level 10 in Evocations
 12782 | D:10     | Identified a scroll of acquirement
 12783 | D:10     | Got a heavily runed buckler
 12794 | D:10     | Identified the +2 buckler "Erifiq Sack" {rN++ MR+} (You acquired it on level 10 of the Dungeon)
 12811 | Lair:1   | Entered Level 1 of the Lair of Beasts
 13563 | Lair:1   | Noticed Gastronok
 13926 | Lair:2   | Reached *** piety under Nemelex Xobeh
 14077 | Lair:2   | Noticed an oklob plant
 14175 | Lair:2   | HP: 1/67 [spiny frog (22)]
 14591 | Lair:2   | Reached XP level 12. HP: 72/72 MP: 20/20
 14592 | Lair:2   | Reached skill level 13 in Short Blades
 15257 | Lair:2   | Received a gift from Nemelex Xobeh
 15573 | Lair:2   | Noticed a five-headed hydra
 15574 | Lair:2   | Noticed an ettin
 15574 | Lair:2   | a five-headed hydra changed into an ettin
 15580 | Lair:2   | Killed an ettin
 16174 | Lair:3   | Received a gift from Nemelex Xobeh
 16259 | Lair:3   | Reached skill level 1 in Invocations
 16297 | Lair:3   | Noticed a death yak
 16307 | Lair:3   | Noticed a death yak
 16308 | Lair:3   | Noticed a death yak
 16309 | Lair:3   | Noticed a death yak
 16318 | Lair:3   | Noticed a death yak
 16319 | Lair:3   | Noticed a death yak
 16377 | Lair:2   | Killed a death yak
 16377 | Lair:2   | Reached skill level 14 in Short Blades
 16727 | Lair:2   | Learned a level 1 spell: Apportation
 16799 | Lair:3   | Killed a death yak
 16846 | Lair:2   | Killed a death yak
 16847 | Lair:2   | Upgraded the game from 0.20-a0-633-gff4aa5c to 0.20-a0-640-g62ed22f
 17010 | Lair:3   | Found a staircase to the Shoals.
 17048 | Lair:3   | Reached skill level 1 in Translocations
 17143 | Lair:3   | Reached XP level 13. HP: 52/79 MP: 21/21
 17189 | Lair:3   | Noticed a five-headed hydra
 17197 | Lair:3   | Killed a five-headed hydra
 17197 | Lair:3   | Reached skill level 1 in Spellcasting
 17207 | Lair:3   | Noticed a five-headed hydra
 17218 | Lair:3   | Killed a five-headed hydra
 17445 | Lair:3   | Received a gift from Nemelex Xobeh
 18228 | Lair:4   | Reached **** piety under Nemelex Xobeh
 18322 | Lair:4   | Found a hole to the Spider Nest.
 18475 | Lair:4   | Received a gift from Nemelex Xobeh
 18974 | Lair:4   | Reached skill level 15 in Short Blades
 18996 | Lair:4   | Reached skill level 5 in Shields
 19270 | Lair:5   | Received a gift from Nemelex Xobeh
 19283 | Lair:4   | Reached skill level 10 in Dodging
 19342 | Lair:5   | Found a viscous altar of Jiyva.
 19342 | Lair:5   | Found a staircase to the Slime Pits.
 19360 | Lair:5   | Reached skill level 10 in Fighting
 19554 | Lair:5   | Reached XP level 14. HP: 38/88 MP: 11/22
 19992 | Lair:5   | Received a gift from Nemelex Xobeh
 20249 | Lair:5   | Reached ***** piety under Nemelex Xobeh
 20448 | Lair:6   | Entered Level 6 of the Lair of Beasts
 21904 | Lair:6   | Reached skill level 16 in Short Blades
 21944 | Lair:6   | Received a gift from Nemelex Xobeh
 22963 | Lair:6   | Reached XP level 15. HP: 83/95 MP: 19/23
 23401 | Orc:1    | Entered Level 1 of the Orcish Mines
 23496 | Orc:2    | Entered Level 2 of the Orcish Mines
 23496 | Orc:2    | Noticed Saint Roka
 23534 | Orc:1    | Found a bloodstained altar of Trog.
 23754 | Orc:1    | Received a gift from Nemelex Xobeh
 24536 | Orc:2    | Noticed Nessos
 24575 | Orc:2    | Killed Nessos
 24963 | Orc:2    | Found a staircase to the Elven Halls.
 25254 | Orc:2    | Reached skill level 10 in Stealth
 26322 | Orc:2    | Reached skill level 5 in Armour
 26371 | Orc:2    | Found Putottob's Jewellery Boutique.
 26371 | Orc:2    | Found Jifaloc's Weapon Shoppe.
 26373 | Orc:2    | Found Guposcho's Antique Weapon Boutique.
 26373 | Orc:2    | Found Vuorosuchi's Assorted Antiques.
 26381 | Orc:2    | Bought a glowing hand crossbow for 136 gold pieces
 26383 | Orc:2    | Bought a lumpy coppery potion for 22 gold pieces
 26383 | Orc:2    | Bought a pair of runed boots for 187 gold pieces
 26658 | Orc:2    | Bought a glass ring for 125 gold pieces
 26663 | Orc:2    | Bought an uncursed ring of positive energy for 260 gold pieces
 26663 | Orc:2    | Bought the ring "Tukuod Hapi" {rF+ Str+4} for 525 gold pieces
 26663 | Orc:2    | Bought an uncursed amulet of regeneration for 390 gold pieces
 27534 | Shoals:1 | Entered Level 1 of the Shoals
 27608 | Shoals:1 | Received a gift from Nemelex Xobeh
 28052 | Shoals:1 | Gained mutation: Armour fits poorly on your strangely shaped body. [potion of mutation]
 28052 | Shoals:1 | Gained mutation: You are weak. (Str -2) [potion of mutation]
 28052 | Shoals:1 | Gained mutation: You are agile. (Dex +2) [potion of mutation]
 28288 | Shoals:1 | Reached skill level 17 in Short Blades
 28361 | Shoals:1 | Found Luec Bui's Book Shop.
 28436 | Shoals:1 | Noticed a frost giant
 28538 | Shoals:1 | HP: 1/96 [merfolk javelineer/javelin (21)]
 28569 | Shoals:1 | Noticed a kraken
 28761 | Shoals:1 | Received a gift from Nemelex Xobeh
 28937 | Shoals:2 | Received a gift from Nemelex Xobeh
 28938 | Shoals:2 | Upgraded the game from 0.20-a0-640-g62ed22f to 0.20-a0-641-g673355a
 28950 | Shoals:1 | Killed a frost giant
 29084 | Shoals:2 | Found Ixopyh's Magic Scroll Emporium.
 29108 | Shoals:2 | Reached XP level 16. HP: 11/103 MP: 24/24
 29259 | Shoals:2 | Noticed a kraken
 29402 | Shoals:2 | Killed a kraken
 29580 | Shoals:2 | Reached ****** piety under Nemelex Xobeh
 30151 | Shoals:3 | Found Dohufosi's Food Boutique.
 30475 | Shoals:3 | Received a gift from Nemelex Xobeh
 30480 | Shoals:3 | Found Nuggumo's Antique Weapon Shoppe.
 30511 | Shoals:3 | HP: 5/103 [harpy (6)]
 30825 | Shoals:3 | Reached skill level 5 in Throwing
 31032 | Shoals:3 | Reached skill level 5 in Invocations
 31317 | Shoals:3 | Received a gift from Nemelex Xobeh
 31333 | Shoals:3 | Found Lath's Book Shoppe.
 31450 | Shoals:3 | Found Qoremnit's Antique Weapon Boutique.
 31683 | Shoals:4 | Entered Level 4 of the Shoals
 32521 | Shoals:4 | Received a gift from Nemelex Xobeh
 32793 | Shoals:4 | Noticed Ilsuiw
 32811 | Shoals:4 | Killed Ilsuiw
 32811 | Shoals:4 | Reached XP level 17. HP: 99/109 MP: 23/25
 32974 | Shoals:4 | HP: 2/109 [manticore/volley of spikes (15)]
 33319 | Shoals:4 | Noticed a kraken
 33344 | Shoals:4 | Received a gift from Nemelex Xobeh
 33350 | Shoals:4 | Killed a kraken
 33350 | Shoals:4 | Reached skill level 18 in Short Blades
 33612 | Shoals:4 | Lost mutation: You are weak. (Str -2) [potion of mutation]
 33612 | Shoals:4 | Lost mutation: Armour fits poorly on your strangely shaped body. [potion of mutation]
 33612 | Shoals:4 | Lost mutation: You are agile. (Dex +2) [potion of mutation]
 33612 | Shoals:4 | Gained mutation: You are agile. (Dex +2) [potion of mutation]
 33612 | Shoals:4 | Gained mutation: You are partially covered in molten scales. (AC +2) [potion of mutation]
 33612 | Shoals:4 | Gained mutation: You have sharp toenails. [potion of mutation]
 33612 | Shoals:4 | Gained mutation: You evolve. [potion of mutation]
 33913 | Shoals:4 | Got a barnacled rune of Zot
 34380 | Shoals:4 | Mangled by a faun

Vault maps used:
D:1:      mrwooster_arrival_statue_2
D:2:      marbit_many_paths, hangedman_ru_absence, makhleb_heckhound_becter
D:3:      portal_sewer_entry_a, elyvilon_altar_3
D:4:      first_bread, nicolae_ossuary_entry_plus
D:5:      uniq_blork_the_orc, uniq_duvessa
D:6:      minmay_temple_entry_poolview, led_sif_book, uniq_sigmund, uniq_grinder
D:7:      old_standard_altar, uniq_joseph
D:9:      uniq_erolcha
D:10:     david_lair_shrubbed, the_bakery, grunt_dithmenos_smoke
Temple:   dpeg_five_rooms_temple
Lair:1:   uniq_gastronok
Lair:2:   eino_house_with_fridge, minmay_lair_oklob_chamber, grunt_megastairs_4
Lair:3:   elwin_shoals_entry_rooms
Lair:4:   nicolae_spider_entry_tight_spaces, infiniplex_staircase_pool_2,
          grunt_megastairs_2, serial_bayou_shore_b
Lair:5:   slime_altar_1, grunt_forest_stairs_clearing, lemuel_fruit_fields
Lair:6:   minmay_lair_end_frog_pond
Shoals:1: serial_shops, nicolae_shop_window_shopping, st_shoals_ruin
Shoals:2: serial_shops, shop
Shoals:3: serial_shops, shop_statue, nicolae_shop_stone, shop_statue,
          nicolae_shop_trees, centaur_isle
Shoals:4: shoals_end_grunt_ice, shoals_ilsuiw_alternative,
          nicolae_shoals_kraken_intersection
Orc:1:    trog_butcher_becter
Orc:2:    grunt_orc_tribal_feast, uniq_nessos, uniq_saint_roka
Sewer:    sewer_co_tree
Ossuary:  ossuary_due_mausoleum

Skill      XL: |  1  2  3  4  5  6  7  8  9 10 11 12 13 14 15 16 17 |
---------------+----------------------------------------------------+-----
Evocations     | 4 5 6 8 9 10 11 | 11.7
Short Blades   | 2 3 4 5 7 8 10 11 12 14 15 16 17 18 | 18.1
Dodging        | 3 4 5 7 8 10 11 12 13 | 13.9
Fighting       | 2 3 4 5 6 7 8 10 11 12 13 14 | 14.1
Armour         | 1 2 3 4 5 6 |  6.1
Stealth        | 2 3 5 6 8 9 10 11 | 11.5
Shields        | 2 3 4 5 6 7 8 9 |  9.5
Throwing       | 1 2 4 6 7 |  7.3
Invocations    | 2 3 4 5 |  5.9
Translocations | 1 |  1.6
Spellcasting   | 1 |  1.6

Action                   |  1- 3 |  4- 6 |  7- 9 | 10-12 | 13-15 | 16-18 || total
-------------------------+-------+-------+-------+-------+-------+-------++-------
Melee: Short sword       |   104 |   150 |   705 |       |       |       ||   959
       Rapier            |       |       |     9 |   692 |  1766 |   907 ||  3374
 Fire: Blowgun           |       |       |     3 |    27 |    40 |   103 ||   173
 Cast: Apportation       |       |       |       |     4 |       |       ||     4
 Abil: Evoke Flight      |       |       |       |     1 |    18 |    47 ||    66
       Stop Flying       |       |       |       |       |       |     3 ||     3
Evoke: Wand              |     1 |    12 |    26 |    33 |    41 |    29 ||   142
       Deck              |       |       |       |    19 |    42 |    53 ||   114
       Phial of floods   |       |       |       |     1 |     4 |     3 ||     8
  Use: Scroll            |     2 |     5 |     9 |    12 |    16 |    11 ||    55
       Potion            |       |     1 |     5 |    11 |     4 |     3 ||    24
 Stab: Sleeping          |     4 |     2 |     7 |     7 |     8 |     4 ||    32
       Confused          |       |     1 |       |       |     5 |       ||     6
       Distracted        |       |       |     2 |     3 |     7 |     4 ||    16
       Petrified         |       |       |       |       |       |     2 ||     2
  Eat: Chunk             |     8 |     5 |    22 |    26 |    41 |    25 ||   127
Armor: Leather armour    |    16 |    17 |    30 |    99 |   164 |   118 ||   444
       Skin              |       |       |     6 |       |       |       ||     6
       Robe              |       |       |    31 |     1 |       |       ||    32
Dodge: Dodged            |    71 |    83 |   332 |   259 |   901 |   514 ||  2160
Block: Shield            |       |       |    38 |    95 |       |       ||   133
       Buckler           |       |       |       |    99 |   483 |   302 ||   884
